 Dungeon Crawl Stone Soup version 0.30-b1-2-g02819fbbbe (webtiles) character file.

Game seed: 136055201281181926

574872 sobakacece the Warrior (level 25, -35/169 HPs)
             Began as a Demonspawn Venom Mage on Sept 5, 2023.
             Was the Champion of Vehumet.
             Annihilated by Tiamat
             ... wielding a +0 heavy bardiche
              (63 damage)
             ... on level 5 of the Realm of Zot on Jan 5, 2024.
             The game lasted 04:55:46 (75967 turns).

sobakacece the Warrior (Demonspawn Venom Mage)     Turns: 75967, Time: 04:55:47

Health: -35/169    AC:  9    Str:  3 (7)  XL:     25   Next: 75%
Magic:  7/40       EV: 21    Int: 32 (36) God:    Vehumet [******]
Gold:   3909       SH: 23    Dex: 22 (27) Spells: 16/60 levels left

rFire   + + .        d - +7 Throatcutter {drain, coup de grace}
rCold   + . .        m - +2 buckler of the Known World {Will+ Dex+3}
rNeg    + + +        R - +0 robe of the Shining Light {rC+ Regen+ Int+3 Dex+5 Stlth-}
rPois   +            (helmet unavailable)
rElec   +            t - +1 cloak of the Uplifting Gods {Contam rPois rN+++ Dex-2}
rCorr   +            G - +1 pair of gloves of Devotion {Regen+ rCorr Str-4}
SInv    +            Y - +2 pair of boots {Stlth+}
Will    +++..        P - amulet of reflection
Stlth   +            x - ring "Celikecw" {Fly rF+ rCorr Dex+6}
HPRegen 2.08/turn    X - ring of the Oligarchy {rElec rF+ Int+6 Stlth-}
MPRegen 0.27/turn

%: random rage (3%), reflection
@: about to teleport, flying, studying 2 skills, unable to read
A: antennae 3, large bone plates 3, hurl damnation, foul stench 3, icemail 2,
torment resistance 1, condensation shield, demonic willpower, talons 1, berserk
1, clever 1, deformed body, frail 2, low MP 1, inability to read after injury 1
}: 3/15 runes: decaying, silver, gossamer
a: Hurl Damnation, Renounce Religion


You were on level 5 of the Realm of Zot.
You worshipped Vehumet.
Vehumet was exalted by your worship.
You visited 10 branches of the dungeon, and saw 48 of its levels.
You also visited: Gauntlet, Ice Cave and Wizlab.

You collected 6725 gold pieces.
You spent 2816 gold pieces at shops.

Inventory:

Hand Weapons
 d - the +7 Throatcutter (weapon) {drain, coup de grace}
   (You took it off a hobgoblin on level 3 of the Dungeon)
 D - a +8 demon blade of flaming
Missiles
 z - 7 throwing nets
 Z - 21 curare-tipped darts
Armour
 m - the +2 buckler of the Known World (worn) {Will+ Dex+3}
   (You acquired it on level 1 of the Elven Halls)

   Dex:       It affects your dexterity (+3).
   Will:      It increases your willpower.
 t - the +1 cloak of the Uplifting Gods (worn) {Contam rPois rN+++ Dex-2}
   (You found it on level 7 of the Dungeon)

   Dex:       It affects your dexterity (-2).
   rPois:     It protects you from poison.
   rN:        It renders you almost immune to negative energy.
   Contam:    It causes magical contamination when unequipped.
 G - the +1 pair of gloves of Devotion (worn) {Regen+ rCorr Str-4}
   (You found it on level 2 of the Vaults)

   Str:       It affects your strength (-4).
   Regen:     It increases your rate of health regeneration.
   rCorr:     It protects you from acid and corrosion.
 R - the +0 robe of the Shining Light (worn) {rC+ Regen+ Int+3 Dex+5 Stlth-}
   (You found it on level 4 of the Vaults)

   Int:       It affects your intelligence (+3).
   Dex:       It affects your dexterity (+5).
   rC:        It protects you from cold.
   Regen:     It increases your rate of health regeneration.
   Stlth:     It makes you less stealthy.
 Y - a +2 pair of boots of stealth (worn)
Jewellery
 c - a ring of fire
 x - the ring "Celikecw" (left hand) {Fly rF+ rCorr Dex+6}
   (You found it on level 1 of the Vaults)

   [ring of dexterity]

   Dex:       It affects your dexterity (+6).
   rF:        It protects you from fire.
   Fly:       It grants you flight.
   rCorr:     It protects you from acid and corrosion.
 y - the ring "Haosiu" {+Blink Fly rF+ Str-5 Slay+6}
   (You bought it in a shop on level 2 of the Orcish Mines)

   [ring of protection from fire]

   Str:       It affects your strength (-5).
   Slay:      It affects your accuracy & damage with ranged weapons and melee
   (+6).
   rF:        It protects you from fire.
   Fly:       It grants you flight.
   +Blink:    It lets you blink.
 A - the ring of Megalomania {Fly rC+ rCorr Str+3}
   (You found it on level 2 of the Vaults)

   [ring of flight]

   Str:       It affects your strength (+3).
   rC:        It protects you from cold.
   Fly:       It grants you flight.
   rCorr:     It protects you from acid and corrosion.
 L - the ring of Lugonu, Winnowing {rElec rC- Str+5 Dex+6 Slay+2}
   (You found it on level 3 of the Elven Halls)

   [ring of dexterity]

   Str:       It affects your strength (+5).
   Dex:       It affects your dexterity (+6).
   Slay:      It affects your accuracy & damage with ranged weapons and melee
   (+2).
   rC:        It makes you vulnerable to cold.
   rElec:     It insulates you from electricity.
 P - an amulet of reflection (around neck)
 W - the ring of Uneqi {rN+ rCorr Int+6 Slay+3}
   (You found it on level 2 of the Swamp)

   [ring of intelligence]

   Int:       It affects your intelligence (+6).
   Slay:      It affects your accuracy & damage with ranged weapons and melee
   (+3).
   rN:        It protects you from negative energy.
   rCorr:     It protects you from acid and corrosion.
 X - the ring of the Oligarchy (right hand) {rElec rF+ Int+6 Stlth-}
   (You found it on level 5 of the Lair of Beasts)

   [ring of intelligence]

   Int:       It affects your intelligence (+6).
   rF:        It protects you from fire.
   rElec:     It insulates you from electricity.
   Stlth:     It makes you less stealthy.
Wands
 o - a wand of iceblast (30)
 v - a wand of flame (113)
 B - a wand of mindburst (1)
 E - a wand of digging (12)
 S - a wand of paralysis (39)
Scrolls
 g - 12 scrolls of poison
 n - 8 scrolls of fear
 s - 7 scrolls of enchant armour
 C - 2 scrolls of magic mapping
 F - 13 scrolls of fog
 I - a scroll of teleportation
 O - a scroll of brand weapon
 Q - 2 scrolls of amnesia
 U - 3 scrolls of butterflies
Potions
 b - a potion of magic
 e - 5 potions of flight
 f - 12 potions of lignification
 h - a potion of invisibility
 i - 5 potions of resistance
 j - a potion of heal wounds
 k - 7 potions of brilliance
 l - 13 potions of curing
 r - 2 potions of cancellation
 w - 10 potions of might
 H - 3 potions of haste
 J - 8 potions of attraction
 K - 7 potions of ambrosia
 T - 3 potions of berserk rage
Miscellaneous
 a - a box of beasts
 M - a lightning rod (4/4)
 V - a phantom mirror


   Skills:
 + Level 20.5 Fighting
 - Level 18.0 Long Blades
 - Level 7.1 Armour
 - Level 12.0 Dodging
 - Level 1.9 Stealth
 - Level 12.0 Shields
 - Level 18.0 Spellcasting
 - Level 15.0 Conjurations
 * Level 10.3 Necromancy
 - Level 5.0 Transmutations
 - Level 20.0 Fire Magic
 - Level 8.0 Air Magic
 - Level 8.0 Poison Magic
 - Level 8.7 Invocations
 - Level 8.0 Evocations


You had 16 spell levels left.
You knew the following spells:

 Your Spells              Type           Power      Damage    Failure   Level
a - Sting                 Tmut/Pois      100%       1d8       1%          1
b - Poisonous Vapours     Pois/Air       100%       N/A       1%          2
c - Olgreb's Toxic Radia  Pois           68%        N/A       1%          4
d - Mephitic Cloud        Conj/Pois/Air  76%        N/A       1%          3
e - Ignite Poison         Fire/Tmut/Pois 78%        N/A       1%          3
f - Fireball              Conj/Fire      48%        3d19      1%          5
g - Irradiate             Conj/Tmut      37%        3d24      1%          5
h - Plasma Beam           Fire/Air       43%        2x1d63    1%          6
i - Ignition              Fire           51%        3d14      1%          8
j - Orb of Destruction    Conj           45%        9d12      1%          7

Your spell library contained the following spells:

 Spells                   Type           Power      Damage    Failure   Level
 Polar Vortex             Ice            14%        N/A       100%        9
 Foxfire                  Conj/Fire      100%       2x1d9     0%          1
 Kiss of Death            Conj/Necr      100%       2d13      0%          1
 Magic Dart               Conj           100%       1d8       0%          1
 Scorch                   Fire           100%       2d9       0%          2
 Searing Ray              Conj           100%       2d8       0%          2
 Flame Wave               Conj/Fire      96%        2d20      0%          4
 Sticky Flame             Conj/Fire      96%        2d11      0%          4
 Apportation              Tloc           56%        N/A       1%          1
 Freeze                   Ice            100%       1d10      1%          1
 Necrotise                Necr           100%       1d9       1%          1
 Slow                     Hex            100%       N/A       1%          1
 Summon Small Mammal      Summ           100%       N/A       1%          1
 Cigotuvi's Dreadful Rot  Necr/Pois/Air  100%       N/A       1%          2
 Static Discharge         Conj/Air       100%       2-7/arc   1%          2
 Dazzling Flash           Conj/Hex       100%       N/A       1%          3
 Frozen Ramparts          Ice            56%        1d9       1%          3
 Hailstorm                Conj/Ice       67%        3d14      1%          3
 Spider Form              Tmut/Pois      63%        N/A       1%          3
 Vampiric Draining        Necr           76%        2d11      1%          3
 Vhi's Electric Charge    Tloc/Air       100%       N/A       1%          3
 Airstrike                Air            34%        2d(5-21)  1%          4
 Dispel Undead            Necr           76%        3d25      1%          4
 Fulminant Prism          Conj/Hex       33%        3d16      1%          4
 Agony                    Necr           76%        N/A       1%          5
 Arcjolt                  Conj/Air       40%        1d50      1%          5
 Iskenderun's Battlesphe  Conj           90%        2d14      1%          5
 Conjure Ball Lightning   Conj/Air       40%        3x3d13    1%          6
 Starburst                Conj/Fire      48%        6d13      1%          6
 Anguish                  Hex/Necr       29%        N/A       2%          4
 Call Imp                 Summ           56%        N/A       3%          2
 Ensorcelled Hibernation  Hex/Ice        56%        N/A       3%          2
 Lesser Beckoning         Tloc           56%        N/A       3%          2
 Summon Lightning Spire   Summ/Air       53%        N/A       4%          4
 Alistair's Intoxication  Tmut/Pois      42%        N/A       4%          5
 Death Channel            Necr           38%        N/A       4%          6
 Iron Shot                Conj/Erth      33%        9d7       4%          6
 Yara's Violent Unravell  Hex/Tmut       22%        3d10      5%          5
 Confusing Touch          Hex            28%        N/A       6%          3
 Gell's Gravitas          Tloc           28%        N/A       6%          3
 Ozocubu's Armour         Ice            28%        N/A       6%          3
 Summon Guardian Golem    Hex/Summ       28%        N/A       6%          3
 Teleport Other           Tloc           28%        N/A       6%          3
 Tukima's Dance           Hex            28%        N/A       6%          3
 Ice Form                 Ice/Tmut       44%        N/A       8%          4
 Silence                  Hex/Air        26%        N/A       11%         5
 Animate Armour           Summ/Erth      56%        N/A       21%         4
 Cause Fear               Hex            14%        N/A       21%         4
 Passage of Golubria      Tloc           28%        N/A       21%         4
 Summon Ice Beast         Ice/Summ       28%        N/A       21%         4
 Spellforged Servitor     Conj/Summ      33%        N/A       21%         7
 Fire Storm               Conj/Fire      48%        8d12      36%         9
 Summon Forest            Summ/Tloc      14%        N/A       50%         5
 Summon Mana Viper        Hex/Summ       28%        N/A       50%         5
 Maxwell's Capacitive Co  Air            34%        ∞         75%         8
 Storm Form               Tmut/Air       31%        N/A       77%         7
 Borgnjor's Revivificati  Necr           38%        N/A       89%         8
 Haunt                    Necr/Summ      29%        N/A       91%         7
 Dragon Form              Tmut           28%        N/A       92%         7
 Dispersal                Tloc           14%        N/A       97%         6
 Summon Cactus Giant      Summ           14%        N/A       97%         6
 Chain Lightning          Conj/Air       40%        3d53      98%         9
 Necromutation            Tmut/Necr      33%        N/A       99%         8
 Discord                  Hex            14%        N/A       100%        8
 Disjunction              Tloc           14%        N/A       100%        8
 Summon Horrible Things   Summ           14%        N/A       100%        8
 Death's Door             Necr           38%        N/A       100%        9
 Dragon's Call            Summ           14%        N/A       100%        9
 Shatter                  Erth           14%        3d14*     100%        9


Dungeon Overview and Level Annotations

Branches:
Dungeon (15/15)            Temple (1/1) D:4            Lair (5/5) D:10
  Swamp (4/4) Lair:2       Spider (4/4) Lair:2        Slime (0/5) Lair:5
    Orc (2/2) D:11            Elf (3/3) Orc:2        Vaults (5/5) D:13
  Crypt (0/3) Vaults:3     Depths (4/4) D:15            Zot (5/5) Depths:4
  IceCv (visited)          WizLab (visited)         Gauntlet (visited)

Altars:
Ashenzari
Cheibriados
Dithmenos
Fedhas
Gozag
Hepliaklqana
Kikubaaqudgha
Makhleb
Nemelex Xobeh
Okawaru
Qazlal
Ru
Sif Muna
Trog
Uskayaw
Vehumet
Wu Jian
Xom
Yredelemnul
Lugonu

Shops:
D:2 *   D:4 [(=   D:6 :   D:9 [   D:15 [   Orc:2 =[***   Elf:2 [?(!=   Elf:3 [:
Vaults:2 (   Vaults:4 (

Portals:
Hell: Depths:1 Depths:2 Depths:3 Depths:4
Abyss: Lair:5 Depths:3
Pandemonium: Orc:2 Depths:2
Ziggurat: Depths:3

Annotations:
D:3 Sigmund
Lair:1 1 runed translucent door, Farlane's ghost, journeyman HOMo
Lair:2 1 runed translucent door, Killmatronix's ghost, journeyman DgHu
Lair:3 1 runed translucent door, exclusion: death yak, Muexzin's ghost, journeyman GnFi
Lair:5 1 runed translucent door
Swamp:4 1 runed translucent door, raph's ghost, adept MiFi
Spider:1 2 transporters, liberator's ghost, journeyman MiBe
Depths:3 3 runed translucent doors, Dig Dirch's ghost, veteran DsEE; Gaezyank's ghost, master GrEE; Ystuiga's ghost, journeyman MiBe; xelsha's ghost, veteran GrEE
Zot:1 32 runed doors
Zot:5 Tiamat


Innate Abilities, Weirdness & Mutations

You have a pair of large antennae on your head. (SInv)
You are completely covered in large bone plates. (SH +8)
You can hurl damnation.
You frequently emit foul miasma when damaged in melee.
A meltable icy envelope protects you from harm. (AC +0)
You are resistant to unholy torment.
A meltable shield of frost defends you. (SH +0)
You punish those that try to bend your will. (Will+)
You have sharp toenails.
You sometimes lose your temper in combat.
Your mind is acute. (Int +4, Str/Dex -1)
Armour fits poorly on your strangely shaped body.
You are very frail. (-20% HP)
Your magical capacity is low. (-10% MP)
You occasionally lose the ability to read scrolls when taking damage.


Message History

You feel the Orb delaying your translocation!
The orb of fire glows bright magenta.
The bolt of fire hits you! You resist.
You slash the orb of fire!
The orb of fire is severely damaged.
The orb of fire glows bright magenta.
Strange energies course through your body.
Your body twists and deforms.
You slash the orb of fire!
The orb of fire is severely damaged.
You hit the orb of fire.
The orb of fire is severely damaged.
You hit the orb of fire but do no damage.
The orb of fire is severely damaged.
The orb of fire glows red.
The fireball explodes!
The fireball engulfs you! You resist.
The fireball engulfs the orb of fire.
The orb of fire completely resists.
Tiamat hits you from afar with a +0 heavy bardiche!
Unknown command.
You slash the orb of fire!
The orb of fire is severely damaged.
You hit the orb of fire but do no damage.
The orb of fire is severely damaged.
You block Tiamat's attack.
You slash the orb of fire!
The orb of fire is almost destroyed.
The orb of fire glows deep purple.
The fireball explodes!
The fireball engulfs you! You resist.
* * * LOW HITPOINT WARNING * * *
The fireball engulfs the orb of fire.
The orb of fire completely resists.
Unknown command.
You barely miss the orb of fire.
The orb of fire is almost destroyed.
The orb of fire emits a lurid red light.
The fireball explodes!
The fireball engulfs you!! You resist.
* * * LOW HITPOINT WARNING * * *
The fireball engulfs the orb of fire.
The orb of fire completely resists.
Tiamat hits you from afar with a +0 heavy bardiche!!!
You feel threatened and lose the ability to read scrolls!
You die...

*▓......^........,,^,,,,*,,,^,
**.............^..,,,,,,,**,,,,
*,...........d....,,,^,,,***,,,
*,...........)))..,,,,,,,* ****
**...........)....,,,,,,**
*▓.......){{{....,,,,***
*▓.......{......,****
▓▓.....##▓▓▓▓▓▓▓▓▓▓▓#
*#......q.d*@........###
*#.......^........##....##
**..................###...#####
*,...^.......).......###.......
*,..............^....# ##......
*,...................# #......
*,..................^# ##.....
*,..............^....# #.....
*,^..................# ##.....


You could see Tiamat, an orb of fire and a green draconian monk.

Vanquished Creatures
  2 dread liches (Zot:5)
  5 ancient liches
  8 orbs of fire
  Mara (Vaults:3)
  Mennas (Vaults:5)
  Sojobo (Depths:2)
  Josephina (Depths:4)
  Frederick (Vaults:4)
  The ghost of AgonHex the Hoplite, a veteran HOFi of Qazlal (Vaults:2)
  Parghit (Depths:4)
  2 Killer Klowns
  Margery (Depths:3)
  2 curse toes
  Xtahua (Depths:4)
  Nikola (Spider:1)
  The ghost of rinqtmith the Wrestler, an adept TrFi of Wu Jian (Vaults:2)
  8 golden dragons
  the Enchantress (Depths:4)
  A bone dragon (Depths:4)
  The ghost of seren the Spry, an adept DjFE of Elyvilon (Vaults:2)
  A Tzitzimitl (Depths:3)
  3 electric golems
  11 tentacled monstrosities
  A walking crystal tome (Depths:3)
  4 liches
  20 Orb Guardians
  Jorgrun (Swamp:3)
  Asterion (Spider:3)
  2 deep elf blademasters
  A tentacled starspawn (WizLab)
  8 titans
  2 thorn hunters
  3 quicksilver dragons
  2 Executioners (Depths:3)
  11 sphinxes
  12 tengu reavers
  6 death cobs
  14 storm dragons
  4 shadow dragons
  2 fenstrider witches
  6 draconian knights
  3 draconian monks
  8 fire giants
  A revenant (Vaults:3)
  9 vault wardens
  4 emperor scorpions
  11 frost giants
  4 draconian scorchers
  2 iron dragons
  4 deep elf elementalists (Elf:3)
  5 deep elf sorcerers
  Aizul (Vaults:4)
  6 ghost moths
  6 draconian annihilators
  6 draconian shifters
  A ghoul (Vaults:3)
  17 ironbound preservers
  2 angels (Elf:1)
  22 very ugly things
  A quicksilver ooze (Gauntlet)
  An orc warlord (Vaults:4)
  2 juggernaut skeletons (Depths:3)
  21 stone giants
  9 draconian stormcallers
  3 broodmothers
  3 war gargoyles (Vaults:5)
  5 spriggan defenders
  8 ironbound thunderhulks
  2 reapers (Depths:3)
  10 green draconians
  3 eleionomae
  3 vampire knights
  5 deep elf demonologists
  A minotaur (Gauntlet)
  6 dire elephants
  5 black draconians
  4 bunyips
  8 white draconians
  8 red draconians
  9 deep elf annihilators
  7 spark wasps
  12 yellow draconians
  9 purple draconians
  A spectral titan (Depths:3)
  16 ettins
  9 deep elf death magi
  8 fire dragons
  4 deep elf high priests
  2 shambling mangroves (Swamp:4)
  7 entropy weavers
  3 spectral golden dragons (Depths:3)
  11 yaktaur captains
  A rakshasa (Depths:2)
  3 great orbs of eyes
  2 spriggan zombies (Depths:3)
  35 vault guards
  A caustic shrike simulacrum (Depths:3)
  12 spriggan air magi
  A spectral tengu (Depths:3)
  3 ice dragons
  3 demonspawn (Orc:2)
  21 hydras
  2 ogre magi
  A death knight (D:12)
  3 ghost crabs (Swamp:1)
  Erica (Lair:1)
  A catoblepas (D:13)
  6 ironbound frosthearts
  5 radroaches
  12 boulder beetles
  3 jorogumos
  17 centaur warriors
  28 dancing weapons
  A spectral fire giant (Depths:3)
  9 alligators
  A two-headed ogre (shapeshifter) (Vaults:5)
  6 two-headed ogres
  3 thrashing horrors (Lair:5)
  7 deep troll shamans
  7 orc high priests
  4 deep troll earth magi
  8 death yaks
  3 tengu warriors
  Urug (D:10)
  A titan zombie (Depths:3)
  A shock serpent (shapeshifter) (Vaults:5)
  3 vampire magi
  2 storm dragon zombies
  9 spriggan berserkers
  11 deep elf knights
  9 hell knights
  A shadow wraith (Vaults:5)
  7 iron trolls
  2 sun moths
  A sixfirhy (WizLab)
  6 skeletal warriors
  A storm dragon skeleton (Depths:3)
  9 pharaoh ants
  7 goliath frogs
  67 deep trolls
  An orb spider (shapeshifter) (Lair:5)
  2 spriggan druids (Swamp:2)
  3 flayed ghosts
  A tengu zombie (Vaults:4)
  8 swamp dragons
  3 golden dragon skeletons (Depths:3)
  A swamp dragon (shapeshifter) (Vaults:5)
  4 bog bodies
  A spectral iron dragon (Depths:3)
  A glowing orange brain (Vaults:2)
  8 lindwurms
  2 phantasmal warriors (Vaults:4)
  11 steelbarb worms
  7 deep elf archers
  An obsidian statue (WizLab)
  10 orc knights
  9 wizards
  18 ironbound convokers
  8 harpies (Vaults:3)
  6 orb spiders
  29 deep elf pyromancers
  21 deep elf zephyrmancers
  3 will-o-the-wisps
  47 ugly things
  12 necromancers
  A human zombie (Vaults:3)
  A tengu skeleton (Vaults:2)
  2 oklob plants (Lair:4)
  A mana viper (shapeshifter) (Vaults:2)
  3 cyclopes
  A moth of wrath (shapeshifter) (Vaults:5)
  27 moths of wrath
  6 orc sorcerers (Orc:2)
  A sphinx skeleton (Depths:3)
  21 wolf spiders
  2 cyclopes (shapeshifter)
  4 manticores
  15 elephants
  Joseph (D:7)
  5 black mambas
  2 ice statues (IceCv)
  2 torpor snails
  7 demonic crawlers
  19 vault sentinels
  4 smoke demons
  3 gargoyles
  A storm dragon simulacrum (Depths:3)
  A titan simulacrum (Depths:4)
  A demonspawn skeleton (WizLab)
  An elf zombie (Vaults:4)
  A yaktaur zombie (Vaults:2)
  6 cane toads
  3 tormentors (Depths:3)
  An orange demon (WizLab)
  2 kobold demonologists
  26 yaktaurs
  A cane toad (shapeshifter) (Lair:5)
  2 efreet
  4 rime drakes
  7 komodo dragons
  Psyche (D:10)
  8 ice devils
  4 tengu conjurers
  2 anaconda simulacra (IceCv)
  4 ancient zymes
  3 freezing wraiths (D:13)
  A yaktaur (shapeshifter) (Depths:1)
  17 hornets
  A tengu simulacrum (Depths:3)
  A yaktaur skeleton (Vaults:4)
  2 golden dragon simulacra (Depths:4)
  9 tyrant leeches
  7 trolls
  10 meliai
  3 polar bears
  A queen bee (Spider:1)
  3 bloated husks
  2 hellwings (Orc:2)
  Grinder (D:6)
  26 tarantellas
  A sphinx simulacrum (Depths:4)
  12 dream sheep
  6 blink frogs
  2 human simulacra (Vaults:3)
  A dream sheep (shapeshifter) (Lair:5)
  A fire giant simulacrum (Depths:3)
  An iron dragon simulacrum (Depths:3)
  25 slime creatures
  3 air elementals
  7 small abominations (Lair:5)
  21 jumping spiders
  24 culicivoras
  7 water elementals
  A ynoxinul (WizLab)
  2 shadows
  A dire elephant simulacrum (IceCv)
  15 spriggans
  39 yaks
  3 vampires
  4 wraiths
  6 wyverns
  4 fire elementals
  8 basilisks
  A death yak simulacrum (IceCv)
  45 redbacks
  3 vampire mosquitoes (D:14)
  A chaos spawn (Lair:5)
  3 wargs
  A steam dragon (D:7)
  Edmund (D:5)
  3 harpy simulacra (IceCv)
  3 glowing shapeshifter zombies
  19 swamp worms
  4 acid dragons
  An entropy weaver zombie (Vaults:2)
  4 hydra simulacra (IceCv)
  9 water moccasins
  A floating eye (Depths:1)
  5 black bears
  A sky beast (D:6)
  7 swamp drakes
  2 glowing shapeshifter skeletons (Depths:3)
  31 orc warriors
  An elf simulacrum (Vaults:3)
  2 ice beasts
  12 ogres
  3 centaurs
  11 wolves
  A phantom (D:5)
  3 kobold brigands
  9 bullfrogs
  4 scorpions
  A two-headed ogre simulacrum (IceCv)
  2 earth elementals (Elf:3)
  3 gnoll sergeants
  A glowing shapeshifter simulacrum (Depths:3)
  6 wights
  20 killer bees
  An elephant simulacrum (IceCv)
  3 electric eels (Spider:4)
  4 crimson imps (D:14)
  6 howler monkeys
  2 hounds
  3 jellies
  3 gnoll boudas
  24 orc priests
  2 sleepcaps
  4 iguanas
  29 orc wizards
  Natasha (D:3)
  A spriggan simulacrum (IceCv)
  Robin (D:3)
  A naga simulacrum (IceCv)
  7 adders
  31 gnolls
  A shadow imp (D:7)
  13 white imps
  An ufetubus (D:6)
  A worm (D:2)
  4 dart slugs
  103 orcs
  8 ball pythons
  7 endoplasms
  2 giant cockroaches (D:3)
  7 goblins
  19 hobgoblins
  6 jackals (D:4)
  3 quokkas
  4 bats
  3 frilled lizards (D:1)
  15 kobolds
  5 rats
  3 briar patches (Swamp:4)
  A starspawn tentacle (WizLab)
2077 creatures vanquished.

Vanquished Creatures (collateral kills)
  An ice dragon (Depths:4)
  2 hydras
  A spriggan (Depths:4)
  A hornet (Depths:4)
  A basilisk (Lair:4)
6 creatures vanquished.

Vanquished Creatures (others)
  An eldritch tentacle (WizLab)
  A fire giant (Depths:3)
  A deep elf death mage (Depths:3)
  A necromancer (Depths:3)
  An ugly thing (D:14)
  A tarantella (Spider:1)
  A blink frog (Lair:5)
  A redback (Spider:4)
  2 briar patches (Swamp:4)
  8 foxfires
  21 fungi
  72 plants
  2 starspawn tentacles (WizLab)
  16 withered plants
129 creatures vanquished.

Grand Total: 2212 creatures vanquished

Notes
Turn   | Place    | Note
-------+----------+-------------------------------------------
     0 | D:1      | sobakacece the Demonspawn Venom Mage began the quest for
                  | the Orb.
     0 | D:1      | Reached XP level 1. HP: 13/13 MP: 3/3
   162 | D:1      | Reached skill level 1 in Transmutations
   229 | D:1      | Gained mutation: A meltable shield of frost defends you.
                  | (SH +0) [demonic ancestry]
   229 | D:1      | Reached XP level 2. HP: 13/19 MP: 1/5
   771 | D:1      | Reached XP level 3. HP: 17/24 MP: 0/6
  1209 | D:2      | Learned a level 2 spell: Poisonous Vapours
  1260 | D:2      | Found a faded altar of an unknown god.
  1311 | D:2      | Found Ceos's General Store.
  2071 | D:3      | Noticed Natasha
  2077 | D:3      | Killed Natasha
  2078 | D:3      | Reached skill level 1 in Fighting
  2078 | D:3      | Gained mutation: You are partially covered in large bone
                  | plates. (SH +4) [demonic ancestry]
  2078 | D:3      | Reached XP level 4. HP: 17/32 MP: 6/9
  2204 | D:3      | Noticed Robin
  2209 | D:3      | Killed Robin
  2294 | D:3      | Noticed Sigmund
  2359 | D:4      | Found a staircase to the Ecumenical Temple.
  2362 | D:4      | Noticed a scorpion
  2378 | D:4      | Killed a scorpion
  2379 | D:4      | Reached XP level 5. HP: 26/37 MP: 6/11
  2382 | Temple   | Entered the Ecumenical Temple
  2605 | Temple   | Became a worshipper of Vehumet
  2931 | D:4      | Gained mutation: You have a pair of small antennae on your
                  | head. [demonic ancestry]
  2931 | D:4      | Reached XP level 6. HP: 44/44 MP: 11/13
  2936 | D:4      | Reached skill level 1 in Long Blades
  3070 | D:4      | Reached * piety under Vehumet
  3070 | D:4      | Offered knowledge of Freeze by Vehumet.
  3132 | D:4      | Found Dysup's Jewellery Shop.
  3307 | D:4      | Found Kios's Weapon Emporium.
  3754 | D:4      | Gained mutation: You have a pair of antennae on your head.
                  | [demonic ancestry]
  3754 | D:4      | Reached XP level 7. HP: 52/52 MP: 14/14
  3768 | D:4      | Found Togerchei's Armour Boutique.
  3795 | D:5      | Entered Level 5 of the Dungeon
  3795 | D:5      | Noticed Edmund
  4109 | D:5      | Reached ** piety under Vehumet
  4109 | D:5      | Offered knowledge of Searing Ray by Vehumet.
  4540 | D:5      | Killed Edmund
  4541 | D:5      | Reached skill level 5 in Long Blades
  4764 | D:5      | Gained mutation: You have a pair of large antennae on your
                  | head. (SInv) [demonic ancestry]
  4764 | D:5      | Reached XP level 8. HP: 55/60 MP: 15/15
  5709 | D:6      | Found Cucloh's Antique Weapon Shop.
  5771 | D:6      | Noticed Grinder
  6000 | D:6      | Found Okaoku's Vocational Training.
  6310 | D:6      | Killed Grinder
  6311 | D:6      | Reached skill level 5 in Fighting
  6582 | D:7      | Found a sparkling altar of Nemelex Xobeh.
  6613 | D:7      | Gained mutation: You are mostly covered in large bone
                  | plates. (SH +6) [demonic ancestry]
  6613 | D:7      | Reached XP level 9. HP: 44/68 MP: 16/16
  6776 | D:7      | Noticed Joseph
  6811 | D:7      | Reached skill level 5 in Spellcasting
  7101 | D:7      | Offered knowledge of Inner Flame by Vehumet.
  7223 | D:7      | Identified the +1 cloak of the Uplifting Gods {Contam rPois
                  | rN+++ Dex-2}
  7401 | D:7      | Killed Joseph
  7620 | D:8      | Reached *** piety under Vehumet
  7937 | D:8      | Found an ancient bone altar of Kikubaaqudgha.
  8144 | D:8      | Found a shimmering altar of Xom.
  8417 | D:8      | Learned a level 4 spell: Olgreb's Toxic Radiance
  8423 | D:9      | Reached skill level 10 in Long Blades
  8633 | D:9      | Identified the +0 leather armour of the Tick {Fly rC+
                  | Stlth-}
  8689 | D:9      | Noticed a troll
  8699 | D:9      | Killed a troll
  8768 | D:9      | Reached skill level 5 in Poison Magic
  8795 | D:9      | Offered knowledge of Flame Wave by Vehumet.
  8808 | D:9      | Learned a level 3 spell: Mephitic Cloud
  8843 | D:9      | Reached skill level 1 in Evocations
  8843 | D:9      | Gained mutation: You are completely covered in large bone
                  | plates. (SH +8) [demonic ancestry]
  8843 | D:9      | Reached XP level 10. HP: 74/74 MP: 11/19
  9005 | D:9      | Found Sustram's Armour Shoppe.
  9302 | D:9      | Reached **** piety under Vehumet
  9374 | D:10     | Entered Level 10 of the Dungeon
  9405 | D:10     | Noticed Psyche
  9406 | D:10     | Noticed an elephant
  9412 | D:10     | Killed Psyche
  9419 | D:10     | Killed an elephant
  9484 | D:10     | Noticed a two-headed ogre
  9519 | D:10     | Killed a two-headed ogre
  9563 | D:10     | Found a staircase to the Lair.
  9996 | D:10     | Noticed Urug
 10026 | D:10     | Killed Urug
 10027 | D:10     | Gained mutation: You may rarely emit foul miasma when
                  | damaged in melee. [demonic ancestry]
 10027 | D:10     | Reached XP level 11. HP: 77/86 MP: 0/20
 10325 | D:10     | Found an iron altar of Okawaru.
 10669 | D:11     | Noticed a boulder beetle
 10759 | D:11     | Killed a boulder beetle
 10844 | D:11     | Offered knowledge of Yara's Violent Unravelling by Vehumet.
 11050 | Lair:1   | Entered Level 1 of the Lair of Beasts
 11253 | Lair:1   | Reached skill level 10 in Fighting
 11526 | Lair:1   | Found a runed translucent door.
 11529 | Lair:1   | Noticed Erica
 11531 | Lair:1   | Noticed Farlane's ghost (journeyman HOMo)
 11532 | Lair:1   | Identified the +5 trident "Urhezou" {elec, rPois}
 11533 | Lair:1   | Noticed a spriggan rider
 11550 | Lair:1   | Killed Erica
 11694 | Lair:1   | Noticed a wolf spider
 11694 | Lair:1   | Noticed a wolf spider
 11704 | Lair:1   | Killed a wolf spider
 11705 | Lair:1   | Reached XP level 12. HP: 94/97 MP: 17/21
 12230 | Lair:2   | Reached ***** piety under Vehumet
 12241 | Lair:2   | Offered knowledge of Arcjolt by Vehumet.
 12249 | Lair:2   | Found a staircase to the Swamp.
 12371 | Lair:2   | Found a hole to the Spider Nest.
 12387 | Lair:2   | Reached skill level 1 in Shields
 12387 | Lair:2   | Reached skill level 1 in Conjurations
 12460 | Lair:2   | Found a gate leading to a gauntlet.
 12469 | Gauntlet | Entered a Gauntlet
 12469 | Gauntlet | Found a transporter.
 12469 | Gauntlet | Found a transporter.
 12476 | Gauntlet | Found a transporter.
 12479 | Gauntlet | Found a transporter.
 12481 | Gauntlet | Found a transporter.
 12489 | Gauntlet | Found a transporter.
 12493 | Gauntlet | Found a transporter.
 12503 | Gauntlet | Found a transporter.
 12506 | Gauntlet | Noticed a quicksilver ooze
 12597 | Gauntlet | Found a transporter.
 12611 | Gauntlet | Found a transporter.
 12611 | Gauntlet | Found a transporter.
 12623 | Gauntlet | Found a transporter.
 12769 | Gauntlet | Killed a quicksilver ooze
 12776 | Gauntlet | Identified the ring of Kiqivechuo {Wiz rN+ rCorr}
 12898 | Gauntlet | Identified the +2 war axe "Eshukil" {venom, *Noise Int+8}
 12898 | Gauntlet | Noticed a minotaur
 12910 | Gauntlet | Killed a minotaur
 13041 | Lair:2   | Found a runed translucent door.
 13041 | Lair:2   | Noticed Killmatronix's ghost (journeyman DgHu)
 14386 | Lair:3   | Found a runed translucent door.
 14394 | Lair:3   | Noticed Muexzin's ghost (journeyman GnFi)
 14431 | Lair:3   | Noticed a death yak
 14441 | Lair:3   | Noticed a death yak
 14441 | Lair:3   | Noticed a death yak
 14441 | Lair:3   | Noticed a death yak
 14441 | Lair:3   | Noticed a death yak
 14463 | Lair:3   | Killed a death yak
 14472 | Lair:3   | Killed a death yak
 14473 | Lair:3   | Gained mutation: You sometimes emit foul miasma when
                  | damaged in melee. [demonic ancestry]
 14473 | Lair:3   | Reached XP level 13. HP: 103/103 MP: 1/23
 15187 | Lair:4   | Reached skill level 1 in Fire Magic
 15455 | Lair:4   | Offered knowledge of Conjure Ball Lightning by Vehumet.
 15941 | Lair:5   | Entered Level 5 of the Lair of Beasts
 16018 | Lair:5   | Identified the ring of the Oligarchy {rElec rF+ Int+6
                  | Stlth-}
 16198 | Lair:5   | Reached skill level 5 in Conjurations
 16325 | Lair:5   | Reached skill level 10 in Spellcasting
 16537 | Lair:5   | Found a runed translucent door.
 16537 | Lair:5   | Noticed an acid blob
 16538 | Lair:5   | Found a staircase to the Slime Pits.
 16538 | Lair:5   | Noticed an acid blob
 16618 | Lair:5   | Offered knowledge of Ozocubu's Refrigeration by Vehumet.
 16749 | Lair:5   | Reached XP level 14. HP: 103/110 MP: 28/28
 16954 | Lair:5   | Reached skill level 5 in Shields
 17270 | Lair:5   | Found a corrupted altar of Lugonu.
 17270 | Lair:5   | Found a one-way gate to the infinite horrors of the Abyss.
 17286 | Lair:5   | Learned a level 3 spell: Ignite Poison
 17760 | D:11     | Found a staircase to the Orcish Mines.
 18341 | D:12     | Learned a level 5 spell: Fireball
 18772 | D:12     | Reached skill level 5 in Dodging
 19152 | Orc:1    | Entered Level 1 of the Orcish Mines
 19342 | Orc:1    | Offered knowledge of Spellforged Servitor by Vehumet.
 19579 | Orc:1    | Found a frozen archway.
 19640 | IceCv    | Entered an ice cave
 20073 | IceCv    | Reached skill level 5 in Fire Magic
 20830 | Orc:2    | Entered Level 2 of the Orcish Mines
 20830 | Orc:2    | Found a staircase to the Elven Halls.
 21450 | Orc:2    | Found Vugagh's General Store.
 21451 | Orc:2    | Found Poshrinui's General Store.
 21647 | Orc:2    | Offered knowledge of Irradiate by Vehumet.
 21765 | Orc:2    | Found Xivoubb's General Store.
 22089 | Orc:2    | Gained mutation: You punish those that try to bend your
                  | will. (Will+) [demonic ancestry]
 22089 | Orc:2    | Reached XP level 15. HP: 96/115 MP: 14/31
 22095 | Orc:2    | Learned a level 5 spell: Irradiate
 22348 | Orc:2    | Paralysed by an orc sorcerer for 4 turns
 22360 | Orc:2    | Found Rocergh's Antique Armour Boutique.
 22360 | Orc:2    | Found Onoef's Jewellery Shop.
 22415 | Orc:2    | Found a one-way gate leading to the halls of Pandemonium.
 22641 | Orc:2    | Bought a pair of runed boots for 157 gold pieces
 22945 | D:13     | Identified the +0 scale mail of Surprise {Regen+ Dex+2}
 23243 | D:13     | Found a gate to the Vaults.
 24494 | D:14     | Found a shimmering altar of Xom.
 24543 | D:14     | Reached ****** piety under Vehumet
 24729 | D:14     | Offered knowledge of Freezing Cloud by Vehumet.
 25069 | D:15     | Entered Level 15 of the Dungeon
 25082 | D:15     | Found an ancient bone altar of Kikubaaqudgha.
 25191 | D:15     | Found a staircase to the Depths.
 25645 | D:15     | Found Haida's Dragon-Slaying Spoils.
 26113 | Orc:2    | Bought the ring "Haosiu" {+Blink Fly rF+ Str-5 Slay+6} for
                  | 837 gold pieces
 26412 | D:15     | Bought the +1 acid dragon scales of Relativism {rCorr MP+9
                  | Slay+2} for 951 gold pieces
 26777 | Swamp:1  | Entered Level 1 of the Swamp
 26822 | Swamp:1  | Noticed a fenstrider witch
 26834 | Swamp:1  | Killed a fenstrider witch
 26835 | Swamp:1  | Reached skill level 1 in Armour
 27464 | Swamp:1  | Reached XP level 16. HP: 100/127 MP: 32/32
 28832 | Swamp:2  | Identified the ring of Uneqi {rN+ rCorr Int+6 Slay+3}
 29011 | Swamp:2  | You are sucked into a shaft and drop 1 floor!
 29073 | Swamp:2  | Reached skill level 5 in Armour
 29512 | Swamp:3  | Noticed a thorn hunter
 29518 | Swamp:3  | Killed a thorn hunter
 29519 | Swamp:3  | Reached skill level 10 in Conjurations
 29786 | Swamp:3  | Noticed Jorgrun
 29800 | Swamp:3  | Killed Jorgrun
 30197 | Swamp:3  | Offered knowledge of Lehudib's Crystal Spear by Vehumet.
 30520 | Swamp:4  | Entered Level 4 of the Swamp
 30602 | Swamp:4  | Noticed a tentacled monstrosity
 30622 | Swamp:4  | Killed a tentacled monstrosity
 31187 | Swamp:4  | Found a runed translucent door.
 31201 | Swamp:4  | Noticed raph's ghost (adept MiFi)
 31937 | Swamp:4  | Noticed a thorn hunter
 32391 | Swamp:4  | Killed a thorn hunter
 32392 | Swamp:4  | Gained mutation: You frequently emit foul miasma when
                  | damaged in melee. [demonic ancestry]
 32392 | Swamp:4  | Reached XP level 17. HP: 131/133 MP: 33/33
 32682 | Swamp:4  | Got a decaying rune of Zot
 32811 | Spider:1 | Entered Level 1 of the Spider Nest
 32829 | Spider:1 | Reached skill level 5 in Transmutations
 32949 | Spider:1 | Found a transporter.
 33007 | Spider:1 | Found a transporter.
 33097 | Spider:1 | Noticed Nikola
 33112 | Spider:1 | Killed Nikola
 33765 | Spider:1 | Noticed liberator's ghost (journeyman MiBe)
 33900 | Spider:1 | Offered knowledge of Fire Storm by Vehumet.
 33900 | Spider:1 | Offered knowledge of Shatter by Vehumet.
 33900 | Spider:1 | Offered knowledge of Polar Vortex by Vehumet.
 34682 | Spider:2 | Reached skill level 10 in Fire Magic
 37923 | Spider:3 | Noticed Asterion
 37930 | Spider:3 | Killed Asterion
 38237 | Spider:3 | Gained mutation: A meltable icy envelope protects you from
                  | harm. (AC +0) [demonic ancestry]
 38237 | Spider:3 | Reached XP level 18. HP: 113/140 MP: 36/36
 38499 | Spider:4 | Entered Level 4 of the Spider Nest
 38669 | Spider:4 | Reached skill level 15 in Spellcasting
 38833 | Spider:4 | Gained mutation: Your body sometimes deteriorates upon
                  | taking damage. [mutagenic glow]
 40053 | Spider:4 | Gained mutation: You possess an exceptional clarity of
                  | mind. [mutagenic glow]
 40375 | Spider:4 | Got a gossamer rune of Zot
 41060 | Vaults:1 | Entered Level 1 of the Vaults
 41194 | Vaults:1 | Reached skill level 1 in Air Magic
 41510 | Vaults:1 | Reached skill level 5 in Evocations
 42057 | Vaults:1 | Identified the ring "Celikecw" {Fly rF+ rCorr Dex+6}
 42206 | Vaults:1 | Gained mutation: You are resistant to unholy torment.
                  | [demonic ancestry]
 42206 | Vaults:1 | Reached XP level 19. HP: 137/154 MP: 34/38
 42500 | Vaults:2 | Reached skill level 15 in Fighting
 42563 | Vaults:2 | Reached skill level 5 in Air Magic
 43097 | Vaults:2 | Found a runed translucent gate.
 43097 | Vaults:2 | Found a runed translucent gate.
 43097 | Vaults:2 | Found an ancient bone altar of Kikubaaqudgha.
 43097 | Vaults:2 | Found a runed translucent gate.
 43097 | Vaults:2 | Noticed seren's ghost (adept DjFE)
 43097 | Vaults:2 | Noticed AgonHex's ghost (veteran HOFi)
 43097 | Vaults:2 | Noticed an ancient lich
 43098 | Vaults:2 | Noticed rinqtmith's ghost (adept TrFi)
 43674 | Vaults:2 | Found Giroc's Weapon Emporium.
 44190 | Vaults:3 | Gained mutation: You are clumsy. (Dex -2) [mutagenic glow]
 44199 | Vaults:3 | Gained mutation: You occasionally shout uncontrollably at
                  | your foes. [mutagenic glow]
 44200 | Vaults:3 | Lost mutation: You occasionally shout uncontrollably at
                  | your foes. [potion of mutation]
 44200 | Vaults:3 | Lost mutation: You possess an exceptional clarity of mind.
                  | [potion of mutation]
 44200 | Vaults:3 | Gained mutation: Your flesh is heat resistant. (rF+)
                  | [potion of mutation]
 44200 | Vaults:3 | Gained mutation: You are strong-willed. (Will+) [potion of
                  | mutation]
 44200 | Vaults:3 | Gained mutation: Your mind is acute. (Int +4, Str/Dex -1)
                  | [potion of mutation]
 44211 | Vaults:3 | Learned a level 6 spell: Plasma Beam
 44222 | Vaults:3 | Found a magical portal.
 44228 | WizLab   | Entered The Roulette of Golubria
 44228 | WizLab   | Found a transporter.
 44230 | WizLab   | Lost mutation: Your mind is acute. (Int +4, Str/Dex -1)
                  | [mutagenic glow]
 44231 | WizLab   | Found a corrupted altar of Lugonu.
 44408 | WizLab   | Found a transporter.
 44419 | WizLab   | Found a transporter.
 44435 | WizLab   | Found a transporter.
 44512 | WizLab   | Found a corrupted altar of Lugonu.
 44522 | WizLab   | Found a transporter.
 44529 | WizLab   | Found a transporter.
 44596 | WizLab   | Found a transporter.
 44638 | WizLab   | Found a transporter.
 44679 | WizLab   | Found a transporter.
 44708 | WizLab   | Found a transporter.
 44769 | WizLab   | Found a transporter.
 44995 | WizLab   | Identified the +0 cloak of Ennui {Harm *Corrode rC+ Int+2}
 44998 | WizLab   | Identified the +2 cloak of Lesser Demons {+Blink}
 45007 | WizLab   | Identified the +1 cloak of Diuguc {Str+6 Dex-4}
 45307 | Vaults:3 | Noticed Mara
 45313 | Vaults:3 | Noticed sobakacece's illusion
 45317 | Vaults:3 | Noticed sobakacece's illusion
 45321 | Vaults:3 | Killed Mara
 46214 | Vaults:3 | Found a staircase to the Crypt.
 46557 | Vaults:3 | Identified the +0 pair of gloves "Xuyddye" {rN+ Dex+2}
 46769 | Elf:1    | Entered Level 1 of the Elven Halls
 46841 | Elf:1    | Identified a scroll of acquirement
 46915 | Elf:1    | Acquired the +2 buckler of the Known World {Will+ Dex+3}
 47136 | Elf:1    | Got the Vellum of the Flock
 47207 | Elf:1    | Gained mutation: You can hurl damnation. [demonic ancestry]
 47207 | Elf:1    | Reached XP level 20. HP: 162/162 MP: 39/39
 47370 | Elf:1    | Reached skill level 1 in Invocations
 47455 | Elf:1    | Found a crumbling gateway.
 47711 | Elf:2    | Found Xeurhy's Armour Shop.
 48128 | Elf:2    | Found Sibbuq's Magic Scroll Emporium.
 48153 | Elf:2    | Bought a scroll of blinking for 112 gold pieces
 48153 | Elf:2    | Bought a scroll of silence for 142 gold pieces
 48212 | Elf:2    | Found Jauhucku's Antique Weapon Emporium.
 48218 | Elf:2    | Found Rirhef Hyth's Distillery.
 48247 | Elf:2    | Bought a potion of heal wounds for 80 gold pieces
 48247 | Elf:2    | Bought a potion of curing for 48 gold pieces
 48247 | Elf:2    | Bought a potion of curing for 48 gold pieces
 48259 | Elf:2    | Found Piapawkerch's Jewellery Shop.
 48544 | Elf:2    | Found a runed translucent gate.
 48544 | Elf:2    | Found a runed translucent gate.
 48544 | Elf:2    | Found a runed translucent gate.
 48661 | Elf:2    | Reached skill level 5 in Invocations
 48671 | Elf:2    | Reached skill level 15 in Fire Magic
 49712 | Elf:3    | Entered Level 3 of the Elven Halls
 49823 | Elf:3    | Found Byv Vor's Armour Shop.
 50111 | Elf:3    | Identified the +7 scimitar "Beastbane" {drain, rCorr Str-4
                  | Int+4 SInv}
 50545 | Elf:3    | Identified the +1 quarterstaff "Liru Gia" {drain, Dex+3}
 50545 | Elf:3    | Identified the +4 robe of Awe {rF++}
 50729 | Elf:3    | Identified the +1 robe of the Other World {rC- rN+ Str+3}
 50844 | Elf:3    | Got Tooc's Notes on the Relocated Flock
 50861 | Elf:3    | Identified the ring of Lugonu, Winnowing {rElec rC- Str+5
                  | Dex+6 Slay+2}
 50867 | Elf:3    | Identified the staff of poison "Piagyo" {rPois Dex+3}
 51028 | Elf:3    | Found Riasuros's Book Shoppe.
 51635 | Depths:1 | Entered Level 1 of the Depths
 51882 | Depths:1 | Identified the +9 great sword of Equilibrium {venom, rElec
                  | rC++ Str-3 Dex-4}
 51911 | Depths:1 | Paralysed by a floating eye for 3 turns
 52010 | Depths:1 | Reached XP level 21. HP: 164/168 MP: 40/40
 53212 | Depths:1 | Found a gateway to Hell.
 54280 | Depths:2 | Noticed Sojobo
 54285 | Depths:2 | Paralysed by an air elemental for 1 turns
 54287 | Depths:2 | Paralysed by an air elemental for 1 turns
 54290 | Depths:2 | Killed Sojobo
 54427 | Depths:2 | Reached skill level 15 in Long Blades
 55512 | Depths:3 | Noticed Margery
 55533 | Depths:3 | Killed Margery
 56158 | Depths:2 | Learned a level 8 spell: Ignition
 56166 | Depths:2 | Learned a level 7 spell: Orb of Destruction
 56737 | Depths:3 | Found a runed translucent gate.
 56738 | Depths:3 | Found a runed translucent gate.
 56965 | Depths:3 | Reached XP level 22. HP: 175/175 MP: 36/41
 57670 | Depths:3 | Found an ancient bone altar of Kikubaaqudgha.
 58205 | Depths:3 | Identified the staff of air "Cen Sir" {+Blink rElec rC+
                  | Will-}
 58331 | Depths:3 | Found a corrupted altar of Lugonu.
 58698 | Depths:3 | Found a one-way gateway to a ziggurat.
 58808 | Depths:3 | Noticed Dig Dirch's ghost (veteran DsEE)
 58809 | Depths:3 | Found a runed translucent gate.
 58809 | Depths:3 | Noticed Gaezyank's ghost (master GrEE)
 58810 | Depths:3 | Noticed xelsha's ghost (veteran GrEE)
 58811 | Depths:3 | Noticed Ystuiga's ghost (journeyman MiBe)
 59042 | Depths:4 | Entered Level 4 of the Depths
 59059 | Depths:4 | Noticed Parghit
 59067 | Depths:4 | Noticed the Enchantress
 59084 | Depths:4 | Killed the Enchantress
 59365 | Depths:4 | Found a gate to the Realm of Zot.
 60003 | Depths:4 | Killed Parghit
 60135 | Depths:4 | Identified the ring of Rimn {Ice Str+2 Slay+3}
 60135 | Depths:4 | Noticed Josephina
 60141 | Depths:4 | Killed Josephina
 60717 | Depths:4 | Noticed Xtahua
 60720 | Depths:4 | Killed Xtahua
 61508 | Vaults:4 | Noticed Frederick
 61519 | Vaults:4 | Killed Frederick
 62532 | Vaults:4 | Noticed Aizul
 62548 | Vaults:4 | Killed Aizul
 62769 | Vaults:4 | Found Mucviuw's Weapon Shop.
 62777 | Vaults:4 | Reached XP level 23. HP: 181/181 MP: 45/45
 63319 | Vaults:4 | Found a radiant altar of Vehumet.
 63337 | Vaults:4 | Identified the +0 robe of the Shining Light {rC+ Regen+
                  | Int+3 Dex+5 Stlth-}
 63671 | Vaults:4 | Found the +3 hat of Pondering {ponderous, Will+ MP+10
                  | Int+5}
 64052 | Vaults:2 | Killed an ancient lich
 64053 | Vaults:2 | Reached skill level 15 in Conjurations
 64053 | Vaults:2 | Identified the ring of Megalomania {Fly rC+ rCorr Str+3}
 64066 | Vaults:2 | Killed rinqtmith's ghost
 64593 | Vaults:2 | Killed AgonHex's ghost
 64881 | Vaults:2 | Identified the +5 rapier of Edaenune {speed, *Corrode Str+3
                  | Dex+7}
 64882 | Vaults:2 | Identified the +2 short sword of Peraskyc {flame, Str+6
                  | SInv Stlth+}
 64894 | Vaults:2 | Identified the +1 pair of gloves of Devotion {Regen+ rCorr
                  | Str-4}
 65247 | Vaults:2 | Killed seren's ghost
 66148 | Orc:2    | Bought a scroll of enchant weapon for 112 gold pieces
 66148 | Orc:2    | Bought a scroll of teleportation for 45 gold pieces
 66230 | Elf:2    | Bought a scroll of enchant weapon for 112 gold pieces
 66230 | Elf:2    | Bought a scroll of magic mapping for 112 gold pieces
 66230 | Elf:2    | Bought a scroll of poison for 60 gold pieces
 66479 | Vaults:5 | Entered Level 5 of the Vaults
 66485 | Vaults:5 | Noticed Mennas
 66489 | Vaults:5 | Noticed an ancient lich
 66490 | Vaults:5 | Reached skill level 10 in Shields
 66495 | Vaults:5 | Killed Mennas
 66501 | Vaults:5 | Killed an ancient lich
 66519 | Vaults:5 | Reached skill level 10 in Dodging
 66522 | Vaults:5 | Identified the +6 morningstar "Baonaed" {flame, Will- Str+5
                  | Int+3}
 67104 | Vaults:5 | Reached XP level 24. HP: 156/189 MP: 7/45
 67331 | Vaults:5 | Identified the +6 flail of Tyloj {flame, rElec Str+4}
 67356 | Vaults:5 | Identified the staff of poison "Joyf" {rElec rPois rF+ rC-}
 67399 | Vaults:5 | Got the Information on Allies
 67409 | Vaults:5 | Identified the staff of poison "Riliost" {rPois rF+ rN+}
 67556 | Vaults:5 | Got a silver rune of Zot
 68120 | Vaults:5 | Got the Directory of Vapour and the Chill
 68859 | Zot:1    | Entered Level 1 of the Realm of Zot
 69192 | Zot:1    | Reached skill level 1 in Necromancy
 69218 | Zot:1    | Found a huge runed gate.
 69218 | Zot:1    | Found a huge runed gate.
 69218 | Zot:1    | Found a huge runed gate.
 69218 | Zot:1    | Found a huge runed gate.
 69218 | Zot:1    | Found a huge runed gate.
 69218 | Zot:1    | Found a huge runed gate.
 69626 | Zot:1    | Found a huge runed gate.
 69626 | Zot:1    | Found a huge runed gate.
 69628 | Zot:1    | Found a huge runed gate.
 69628 | Zot:1    | Found a huge runed gate.
 69636 | Zot:1    | Found a huge runed gate.
 69636 | Zot:1    | Found a huge runed gate.
 69636 | Zot:1    | Found a huge runed gate.
 69637 | Zot:1    | Found a huge runed gate.
 69640 | Zot:1    | Found a huge runed gate.
 69640 | Zot:1    | Found a huge runed gate.
 69641 | Zot:1    | Found a huge runed gate.
 69642 | Zot:1    | Found a huge runed gate.
 69650 | Zot:1    | Identified the +3 ring mail "Luakk" {rC+ Regen+ Dex-3}
 69664 | Zot:1    | Found a huge runed gate.
 69678 | Zot:1    | Found a huge runed gate.
 69678 | Zot:1    | Found a huge runed gate.
 69678 | Zot:1    | Found a huge runed gate.
 69678 | Zot:1    | Found a huge runed gate.
 69678 | Zot:1    | Found a huge runed gate.
 69678 | Zot:1    | Found a huge runed gate.
 69679 | Zot:1    | Found a huge runed gate.
 69680 | Zot:1    | Found a huge runed gate.
 69693 | Zot:1    | Found a huge runed gate.
 69693 | Zot:1    | Found a huge runed gate.
 69693 | Zot:1    | Found a huge runed gate.
 69693 | Zot:1    | Found a huge runed gate.
 69694 | Zot:1    | Found a huge runed gate.
 70958 | Zot:4    | Reached skill level 5 in Necromancy
 72231 | Zot:5    | Entered Level 5 of the Realm of Zot
 72491 | Zot:5    | Gained mutation: A meltable icy envelope protects you from
                  | harm. (AC +0) [demonic ancestry]
 72491 | Zot:5    | Reached XP level 25. HP: 163/203 MP: 20/45
 72501 | Zot:5    | Noticed an orb of fire
 72504 | Zot:5    | Noticed an orb of fire
 72504 | Zot:5    | Gained mutation: You are dopey. (Int -2) [an orb of fire]
 72645 | Zot:5    | Gained mutation: You are frail. (-10% HP) [an orb of fire]
 72645 | Zot:5    | Gained mutation: Your spells are a little easier to cast,
                  | but a little less powerful. [an orb of fire]
 72648 | Zot:5    | Killed an orb of fire
 72727 | Zot:5    | Noticed an orb of fire
 72729 | Zot:5    | Gained mutation: You are very frail. (-20% HP) [an orb of
                  | fire]
 72731 | Zot:5    | Killed an orb of fire
 72731 | Zot:5    | Gained mutation: Your body often deteriorates upon taking
                  | damage. [an orb of fire]
 72739 | Zot:5    | Killed an orb of fire
 72741 | Zot:5    | Noticed an orb of fire
 72747 | Zot:5    | Killed an orb of fire
 72826 | Zot:5    | Noticed an ancient lich
 72844 | Zot:5    | Killed an ancient lich
 73203 | Zot:5    | Noticed an orb of fire
 73204 | Zot:5    | Noticed an orb of fire
 73379 | Zot:5    | Gained mutation: You occasionally lose the ability to read
                  | scrolls when taking damage. [an orb of fire]
 73382 | Zot:5    | Gained mutation: You are extremely frail. (-30% HP) [an orb
                  | of fire]
 73383 | Zot:5    | Gained mutation: You occasionally lose the ability to drink
                  | potions when taking damage. [an orb of fire]
 73386 | Zot:5    | Gained mutation: You occasionally shout uncontrollably at
                  | your foes. [an orb of fire]
 73394 | Zot:5    | Gained mutation: You are occasionally teleported next to
                  | monsters. [an orb of fire]
 73398 | Zot:5    | Gained mutation: Your magical capacity is low. (-10% MP)
                  | [an orb of fire]
 73405 | Zot:5    | Gained mutation: You are very clumsy. (Dex -4) [an orb of
                  | fire]
 73407 | Zot:5    | Killed an orb of fire
 73541 | Zot:4    | Lost mutation: You are occasionally teleported next to
                  | monsters. [potion of mutation]
 73541 | Zot:4    | Lost mutation: You occasionally lose the ability to read
                  | scrolls when taking damage. [potion of mutation]
 73541 | Zot:4    | Gained mutation: You have a somewhat thin skeletal
                  | structure. (Dex +2, Stealth+) [potion of mutation]
 73543 | Zot:4    | Lost mutation: Your magical capacity is low. (-10% MP)
                  | [potion of mutation]
 73543 | Zot:4    | Lost mutation: You occasionally lose the ability to drink
                  | potions when taking damage. [potion of mutation]
 73543 | Zot:4    | Lost mutation: Your spells are a little easier to cast, but
                  | a little less powerful. [potion of mutation]
 73543 | Zot:4    | Lost mutation: Your flesh is heat resistant. (rF+) [potion
                  | of mutation]
 73549 | Zot:5    | Lost mutation: You are strong-willed. (Will+) [an orb of
                  | fire]
 73556 | Zot:5    | Gained mutation: Your magical capacity is low. (-10% MP)
                  | [an orb of fire]
 73557 | Zot:5    | Gained mutation: You are weak. (Str -2) [an orb of fire]
 73579 | Zot:5    | Gained mutation: You sometimes lose your temper in combat.
                  | [an orb of fire]
 73580 | Zot:5    | Gained mutation: You are occasionally teleported next to
                  | monsters. [an orb of fire]
 73584 | Zot:5    | Gained mutation: You are very dopey. (Int -4) [an orb of
                  | fire]
 73590 | Zot:5    | Gained mutation: You have hidden genetic defects. [an orb
                  | of fire]
 73592 | Zot:5    | Gained mutation: Your spells are a little easier to cast,
                  | but a little less powerful. [an orb of fire]
 73594 | Zot:5    | Lost mutation: You are occasionally teleported next to
                  | monsters. [an orb of fire]
 73602 | Zot:4    | Killed an orb of fire
 73838 | Zot:5    | Noticed an orb of fire
 73844 | Zot:5    | Killed an orb of fire
 73845 | Zot:5    | Noticed an ancient lich
 73935 | Zot:5    | Noticed an ancient lich
 73937 | Zot:5    | Noticed a Killer Klown
 73942 | Zot:5    | Noticed an orb of fire
 73943 | Zot:5    | Lost mutation: You are very dopey. (Int -4) [an orb of
                  | fire]
 73953 | Zot:4    | Killed an ancient lich
 73954 | Zot:4    | Lost mutation: You are weak. (Str -2) [potion of mutation]
 73954 | Zot:4    | Lost mutation: You are dopey. (Int -2) [potion of mutation]
 73954 | Zot:4    | Lost mutation: You are very clumsy. (Dex -4) [potion of
                  | mutation]
 73955 | Zot:4    | Lost mutation: You have a somewhat thin skeletal structure.
                  | (Dex +2, Stealth+) [potion of mutation]
 73955 | Zot:4    | Lost mutation: You have hidden genetic defects. [potion of
                  | mutation]
 73955 | Zot:4    | Lost mutation: Your magical capacity is low. (-10% MP)
                  | [potion of mutation]
 73955 | Zot:4    | Gained mutation: You have sharp toenails. [potion of
                  | mutation]
 73955 | Zot:4    | Gained mutation: You occasionally lose the ability to drink
                  | potions when taking damage. [potion of mutation]
 73955 | Zot:4    | Gained mutation: You are strong-willed. (Will+) [potion of
                  | mutation]
 73956 | Zot:4    | Lost mutation: Your body often deteriorates upon taking
                  | damage. [potion of mutation]
 73956 | Zot:4    | Lost mutation: You occasionally shout uncontrollably at
                  | your foes. [potion of mutation]
 73956 | Zot:4    | Lost mutation: You are extremely frail. (-30% HP) [potion
                  | of mutation]
 73956 | Zot:4    | Lost mutation: You sometimes lose your temper in combat.
                  | [potion of mutation]
 74073 | Zot:5    | Gained mutation: Armour fits poorly on your strangely
                  | shaped body. [an orb of fire]
 74082 | Zot:4    | Gained mutation: You occasionally lose the ability to read
                  | scrolls when taking damage. [an orb of fire]
 74205 | Zot:5    | Noticed a Killer Klown
 74207 | Zot:5    | Killed a Killer Klown
 74268 | Zot:4    | Gained mutation: Your body often deteriorates upon taking
                  | damage. [an orb of fire]
 74273 | Zot:4    | Killed an orb of fire
 74358 | Zot:4    | Killed an ancient lich
 74439 | Zot:5    | Noticed a dread lich
 74458 | Zot:4    | Killed a Killer Klown
 74572 | Zot:4    | Lost mutation: You are strong-willed. (Will+) [potion of
                  | mutation]
 74572 | Zot:4    | Lost mutation: Your body often deteriorates upon taking
                  | damage. [potion of mutation]
 74572 | Zot:4    | Gained mutation: Your mind is acute. (Int +4, Str/Dex -1)
                  | [potion of mutation]
 74622 | Zot:5    | Killed a dread lich
 74889 | Zot:5    | Noticed a dread lich
 74907 | Zot:5    | Killed a dread lich
 74909 | Zot:5    | Reached skill level 10 in Necromancy
 75516 | Zot:5    | Found the +4 dragonskin cloak
 75516 | Zot:5    | Noticed Tiamat
 75531 | Zot:5    | Noticed a dread lich
 75647 | Zot:5    | Noticed an orb of fire
 75904 | Zot:5    | Lost mutation: You occasionally lose the ability to drink
                  | potions when taking damage. [potion of mutation]
 75904 | Zot:5    | Lost mutation: You are clumsy. (Dex -2) [potion of
                  | mutation]
 75904 | Zot:5    | Lost mutation: Your body sometimes deteriorates upon taking
                  | damage. [potion of mutation]
 75904 | Zot:5    | Lost mutation: Your spells are a little easier to cast, but
                  | a little less powerful. [potion of mutation]
 75904 | Zot:5    | Gained mutation: You sometimes lose your temper in combat.
                  | [potion of mutation]
 75904 | Zot:5    | Lost mutation: Armour fits poorly on your strangely shaped
                  | body. [potion of mutation]
 75956 | Zot:5    | Gained mutation: Your magical capacity is low. (-10% MP)
                  | [an orb of fire]
 75958 | Zot:5    | Gained mutation: Armour fits poorly on your strangely
                  | shaped body. [an orb of fire]
 75967 | Zot:5    | Annihilated by Tiamat

Illustrated notes

Levels and vault maps discovered:
D:1:      dpeg_arrival_triangle_fractal, layout_basic
D:2:      layout_basic, hellmonk_ecumenical_altar_leap_of_faith, serial_shops,
          shop
D:3:      layout_basic, supply_closet_lemuel, uniq_natasha, uniq_robin,
          uniq_crazy_yiuf_cottage, uniq_sigmund
D:4:      layout_loops_cross, minmay_temple_entry_mist, serial_shops,
          shop_statue, shop, nicolae_shop_real_fake_doors,
          kennysheep_generic_room_4
D:5:      layout_layer_cave, uniq_edmund
D:6:      layout_basic, serial_shops, nicolae_shop_statue_plus,
          nicolae_shop_vocational, uniq_grinder
D:7:      layout_gridville, mainiacjoe_overflow_surrounded_room,
          grunt_ministairs_6, serial_bayou_pond_e, uniq_joseph
D:8:      layout_loops_ring, mainiacjoe_overflow_alcove_1,
          mainiacjoe_overflow_tiny_flanked, serial_glass, glass_columns_b,
          glass_columns_b, chequers_serial_rivers_small_b
D:9:      layout_roguey, hangedman_decor_riveting, corexii_hall_statues_x,
          kennysheep_small_square
D:10:     layout_long_grid, mainiacjoe_overflow_concentric_impassable,
          david_lair_generic, st_stairs_7, uniq_urug, uniq_psyche
D:11:     layout_loops_ring, minmay_orc_entry_temple_small
D:12:     layout_roguey, blue_anna_alchemist
D:13:     layout_cave_pods, erik_vaults_2
D:14:     layout_roguey, nicolae_concentric_dashed_squares_mild, led_xom_imps
D:15:     grunt_enter_depths_giant_problem, layout_loops_ring,
          bh_walls_and_bars, nicolae_shop_dragon_depot,
          kiku_gazebo_garden_becter
Temple:   eino_narrow_crystal_temple
Lair:1:   layout_long_grid, ebering_ghost_funeral_grove,
          nicolae_lair_run_with_the_wolves, grunt_megastairs_5,
          infiniplex_staircase_pool, serial_bayou_shore_a, uniq_erica
Lair:2:   layout_gridlike, minmay_swamp_entry_worms,
          hellmonk_spider_entry_not_the_bees, gauntlet_entry_generic,
          gammafunk_ghost_grave, st_stairs_12, dreamdust_gnoll_shepherd
Lair:3:   layout_cave_pods, ebering_ghost_reflecting_pool, worms_lemuel,
          serial_bayou_shore_b, uniq_rupert
Lair:4:   layout_regular_city
Lair:5:   hellmonk_lair_end_abyssal_woods, layout_gridlike, slime_entry_2
Swamp:1:  layout_basic_swamp, evilmike_swamp_ruin_house_2, swamp_pool3,
          nicolae_swamp_dense_foliage
Swamp:2:  layout_basic_swamp, evilmike_swamp_ruin_wall,
          infiniplex_staircase_pool_2
Swamp:3:  layout_basic_swamp, nicolae_swamp_well_well_well, uniq_jorgrun
Swamp:4:  swamp, layout_basic_swamp, ebering_ghost_inner_flame
Spider:1: layout_spider_delve, gammafunk_ghost_mausoleum,
          nicolae_looking_at_the_future, uniq_nikola
Spider:2: layout_chambers, nicolae_spider_some_kinda_spiderbox
Spider:3: layout_cave_pods, uniq_asterion
Spider:4: hellmonk_spider_rune_bug_friends, nicolae_spider_bzzzt
Orc:1:    layout_diamond_mine, portal_ice_cave_entry_imps, serial_shops
Orc:2:    pf_orc_diabolical, layout_diamond_mine, basic_altar, serial_shops,
          shop
Elf:1:    layout_geoelf_octagon, portal_desolation_entry_holy_temple,
          minmay_elf_demonology
Elf:2:    elven_hall_of_blades_hangedman_original [nicolae_blade_little_rooms],
          layout_geoelf_grid, serial_glass, glass_columns_b, glass_columns_a,
          glass_columns_a, glass_columns_a, glass_columns_b, glass_columns_a,
          glass_columns_b, glass_columns_b, serial_shops, shop,
          nicolae_shop_gaudy_bauble, shop, shop, nicolae_diamond_shop,
          minivault_23
Elf:3:    minmay_elf_hall_dome, layout_loops_corners, serial_shops, shop,
          nicolae_shop_waterfront
Vaults:1: v_misc_33, vaults_dpeg_diagonal, serial_ice_m, v_misc_16,
          nicolae_vaults_sealed_display, vaults_dpeg_encased_lava, v_misc_11,
          nicolae_vaults_trapezoid_lopsided_3, vaults_room_fancy_cross,
          nicolae_vaults_alarming, ontoclasm_vaults_hangar,
          ontoclasm_vaults_eye, nicolae_vaults_house_1, layout_vaults_big_room
Vaults:2: gammafunk_ghost_crypt, nicolae_vaults_swerve, nicolae_vaults_mitosis,
          v_misc_11, v_misc_10, nicolae_vaults_security_offices_1,
          v_alt_pattern_4, grunt_vaults_hallway_short, nicolae_vaults_prndl,
          vaults_dpeg_hooks, nicolae_vaults_closet_pinwheel_4, v_misc_29,
          nicolae_vaults_six-pack, layout_vaults_maze, serial_shops, shop
Vaults:3: infiniplex_enter_wizlab_spiral, nicolae_vaults_off_center_swirl,
          nicolae_vaults_surprise_closet, nicolae_vaults_house_3,
          minmay_crypt_entry_simple_corners, grunt_vaults_funnel,
          nicolae_vaults_tetromino_Z_2, nicolae_vaults_octothorpe,
          vaults_room_corners, layout_vaults_omnigrid, uniq_mara
Vaults:4: nicolae_vaults_inception_statues, dpeg_vaults_monster_row,
          vaults_room_ringed_pool, hangedman_vaults_stream,
          nicolae_vaults_taking_the_gang_shopping,
          ontoclasm_vaults_loading_screen, nicolae_vaults_tetromino_Z_1,
          grunt_tower_of_power, nicolae_vaults_offset_grid_hallway_4,
          hangedman_vaults_cutoff, nicolae_vaults_surprise_closet,
          hangedman_vaults_maws, vaults_room_pools, layout_vaults_omnicross,
          uniq_aizul, uniq_frederick
Vaults:5: uniq_mennas
Depths:1: layout_forbidden_donut, hell_entry, minmay_misc_feat_iff,
          kennysheep_two_boxes, kennysheep_cross_landing
Depths:2: minmay_the_grid_net [minmay_the_grid_aliased_spiral,
          minmay_the_grid_airy, minmay_the_grid_outer_diamond,
          minmay_the_grid_rooms, minmay_the_grid_diamond_grid,
          minmay_the_grid_prize_big_room], layout_gridlike, pan_entry,
          grunt_metal_band, minmay_misc_feat_tiny, uniq_sojobo
Depths:3: evilmike_negative_zone, layout_long_grid, enter_ziggurat_f,
          abyss_entry_flame_altar, minmay_misc_feat_four_crosses, hell_entry,
          gammafunk_ghost_cemetery, grunt_megastairs_4,
          minmay_staircase_statues_hall_large, uniq_margery
Depths:4: evilmike_zot_entry_round, layout_small_grid, serial_bayou_shore_b,
          grunt_hell_entry_dis_grunt, uniq_enchantress, uniq_josephina,
          uniq_parghit, uniq_xtahua
Zot:1:    layout_misc_corridors, gammafunk_ghost_door_vault, zot_minivault_3
Zot:2:    layout_basic
Zot:3:    layout_onion_interference
Zot:4:    lemuel_draconian_sentries_small, layout_gridville, grunt_megastairs_2
Zot:5:    layout_gridlike, uniq_tiamat

Skill      XL: |  1  2  3  4  5  6  7  8  9 10 11 12 13 14 15 16 17 18 19 20 21 22 23 24 25 |
---------------+----------------------------------------------------------------------------+-----
Transmutations | 1 2 4 5 |  5.0
Dodging        | 2 3 4 7 8 11 12 | 12.0
Spellcasting   | 3 4 6 7 10 12 14 15 18 | 18.0
Fighting       | 1 2 3 4 5 7 10 11 12 14 15 17 20 | 20.5
Long Blades    | 3 5 8 10 12 13 14 15 18 | 18.0
Poison Magic   | 5 8 |  8.0
Evocations     | 1 4 5 8 |  8.0
Shields        | 3 4 5 8 12 | 12.0
Conjurations   | 3 5 8 11 12 13 14 15 | 15.0
Fire Magic     | 3 5 8 9 10 12 14 16 18 19 20 | 20.0
Armour         | 2 6 7 |  7.1
Air Magic      | 4 8 |  8.0
Invocations    | 8 |  8.7
Necromancy     | 6 10 | 10.3
Stealth        | |  1.9

Action                     |  1- 3 |  4- 6 |  7- 9 | 10-12 | 13-15 | 16-18 | 19-21 | 22-24 | 25-27 || total
---------------------------+-------+-------+-------+-------+-------+-------+-------+-------+-------++-------
  Melee: Short sword       |     2 |       |       |       |       |       |       |       |       ||     2
         Hand axe          |    26 |    50 |       |       |       |       |       |       |       ||    76
         Long sword        |       |    61 |   178 |   251 |   707 |   656 |   712 |   726 |   251 ||  3542
         Punch             |       |       |     1 |       |       |       |       |       |       ||     1
   Cast: Sting             |    68 |    34 |     3 |     3 |       |     1 |       |       |       ||   109
         Poisonous Vapours |       |     4 |    12 |    38 |    97 |   101 |   171 |    77 |     1 ||   501
         Olgreb's Toxic Ra |       |       |     2 |    78 |   101 |   104 |   163 |    93 |     1 ||   542
         Mephitic Cloud    |       |       |       |     1 |    55 |    20 |    21 |     3 |       ||   100
         Ignite Poison     |       |       |       |       |    88 |   100 |   178 |    96 |     1 ||   463
         Fireball          |       |       |       |       |    55 |   152 |    13 |    14 |     1 ||   235
         Irradiate         |       |       |       |       |     4 |    38 |    19 |    14 |     1 ||    76
         Plasma Beam       |       |       |       |       |       |       |    73 |    70 |       ||   143
         Ignition          |       |       |       |       |       |       |     6 |    96 |    25 ||   127
         Orb of Destructio |       |       |       |       |       |       |       |   115 |   111 ||   226
Ability: Evoke Blink       |       |       |       |       |     1 |     7 |     2 |     5 |       ||    15
  Evoke: Wand              |     1 |     4 |    15 |     8 |    24 |     8 |     6 |     5 |     2 ||    73
         Phantom mirror    |       |       |       |       |     2 |     1 |     3 |     2 |       ||     8
         Box of beasts     |       |       |       |       |     1 |       |       |       |       ||     1
         Lightning rod     |       |       |       |       |       |       |     9 |     1 |       ||    10
    Use: Potion            |     1 |     2 |     2 |     1 |     5 |     3 |     1 |    12 |    24 ||    51
         Scroll            |       |     2 |    15 |    12 |     9 |    14 |     8 |    25 |    11 ||    96
   Stab: Sleeping          |     3 |     4 |       |     1 |       |     2 |     1 |     1 |       ||    12
         Paralysed         |       |       |     3 |       |       |     2 |       |       |       ||     5
         Distracted        |       |       |     1 |       |     1 |       |     1 |       |       ||     3
         Confused          |       |       |       |       |     6 |     2 |     1 |       |       ||     9
 Armour: Robe              |     9 |    15 |     8 |       |       |       |       |    51 |    17 ||   100
         Steam dragon scal |       |       |    13 |       |       |       |       |       |       ||    13
         Troll leather arm |       |       |     2 |    27 |    52 |       |       |       |       ||    81
         Acid dragon scale |       |       |       |       |     7 |   233 |   192 |    95 |       ||   527
  Dodge: Dodged            |    29 |    62 |    81 |    55 |   143 |   289 |   216 |   332 |    68 ||  1275
  Block: Other             |     8 |    39 |    39 |       |       |       |       |       |       ||    86
         Buckler           |       |       |    79 |   204 |   621 |   929 |   780 |   938 |   150 ||  3701
         Reflection        |       |       |       |     4 |    28 |    24 |    33 |    29 |     2 ||   120
